 Dungeon Crawl Stone Soup version 0.29.0-4-gdea44cf6ec (webtiles) character file.

Game seed: 3366698422554542520

3 qw the Sneak (level 1, -2/14 HPs)
             Began as a Gargoyle Delver on Sept 10, 2022.
             Slain by a hound (5 damage)
             ... on level 4 of the Dungeon.
             The game lasted 00:00:03 (48 turns).

qw the Sneak (Gargoyle Delver)                        Turns: 48, Time: 00:00:03

Health: -2/14      AC:  5    Str: 15    XL:     1   Next: 50%
Magic:  1/1        EV: 11    Int: 10    God:
Gold:   0          SH:  0    Dex: 11    Spells: 0/0 levels left

rFire   . . .      SeeInvis .   a - +0 hand axe
rCold   . . .      Faith    .   (no shield)
rNeg    + . .      Spirit   .   b - +0 leather armour
rPois   inf        Reflect  .   (no helmet)
rElec   +          Harm     .   (no cloak)
rCorr   .          Rampage  .   (no gloves)
Will    .....                   (no boots)
Stlth   +++.......              (no amulet)
HPRegen 0.04/turn               (no ring)
MPRegen 0.07/turn               (no ring)

@: no status effects
A: sickness immunity, AC +2, negative energy resistance 1, electricity
resistance, torment resistance 1, petrification resistance
a: no special abilities


You were on level 4 of the Dungeon.
You visited 1 branch of the dungeon, and saw 2 of its levels.


Innate Abilities, Weirdness & Mutations

You are immune to sickness and miasma.
Your stone body is resilient. (AC +2)
You are immune to poison.
You resist negative energy. (rN+)
You are resistant to electric shocks. (rElec)
You are resistant to unholy torment.
You are immune to petrification.


   Skills:
 - Level 3.2 Fighting
 + Level 2.1 Axes
 - Level 1.5 Dodging
 - Level 5.4 Stealth


You couldn't memorise any spells.
You didn't know any spells.
Your spell library was empty.

Inventory:

Hand Weapons
 a - a +0 hand axe (weapon)
Armour
 b - a +0 leather armour (worn)
Wands
 g - a wand of digging (3)
Potions
 f - a potion of haste

Dungeon Overview and Level Annotations

Branches:
Dungeon (5/15)
 Temple: D:4-7

Altars:


Message History

The helpless ball python fails to defend itself.
You hit the ball python.
You kill the ball python!
Found an escape hatch in the floor.
Found a stone staircase leading up.
There is an escape hatch in the floor here.
A hobgoblin comes into view.
You hit the hobgoblin.
The hobgoblin is moderately wounded.
The hobgoblin barely misses you.
You hit the hobgoblin.
The hobgoblin is heavily wounded.
The hobgoblin hits you but does no damage.
You hit the hobgoblin.
You kill the hobgoblin!
Your Axes skill increases to level 2!
A hound, a hobgoblin and an endoplasm come into view.
Found 2 silvery potions.
The hound barks!
37 ||| Stepping ~*~*~tactically~*~*~ (stealth).
40 ||| Stepping ~*~*~tactically~*~*~ (stealth).
42 ||| Stepping ~*~*~tactically~*~*~ (stealth).
Found an ivory wand.
You hit the endoplasm.
The endoplasm is severely wounded.
The endoplasm freezes you.
You are frozen.
The endoplasm closely misses you.
You hit the endoplasm.
You kill the endoplasm!
The hound closely misses you.
You barely miss the hound. The hound bites you but does no damage.
The hound bites you.
You hit the hound but do no damage. The hound bites you.
A gnoll comes into view. It is wielding a +0 club.
You completely miss the hound. The hound closely misses you.
The hound bites you.
You barely miss the hound. The hound bites you.
You die...

#.# .# #%# ..
#># .### ###.#
#..g #...# ..# .
#.#######..#<.g.
#.....>.......#
#######h#.......
#@.#..#####
#.##!g# #.. .##
#./### #..# ####


You could see a hound and a gnoll.

Vanquished Creatures
  An endoplasm (D:4)
  A hobgoblin (D:4)
  A ball python (D:4)
3 creatures vanquished.

Notes
Turn   | Place    | Note
-------+----------+-------------------------------------------
     0 | D:5      | qw the Gargoyle Delver began the quest for the Orb.
     0 | D:5      | Reached XP level 1. HP: 14/14 MP: 1/1
     0 | D:5      | 0 ||| qw: Version: 0.1-a-116-g5d60599
     0 | D:5      | 0 ||| qw: Game counter: 9374
     0 | D:5      | 0 ||| qw: Always use a shield: true
     0 | D:5      | 0 ||| qw: God list: Okawaru
     0 | D:5      | 0 ||| qw: Allow faded altars: false
     0 | D:5      | 0 ||| qw: Do Orc after D:15 true
     0 | D:5      | 0 ||| qw: Do second Lair branch before Depths: true
     0 | D:5      | 0 ||| qw: Lair rune preference: random
     0 | D:5      | 0 ||| qw: Plans: Normal
     0 | D:5      | 0 ||| PLANNING D:1-11
     3 | D:5      | 3 ||| DROPPING scroll of fog.
     4 | D:5      | 4 ||| DROPPING scroll of magic mapping.
     5 | D:5      | 5 ||| DROPPING scroll of fear.
    14 | D:4      | 14 ||| PLANNING OSSUARY
    34 | D:4      | Noticed a hound
    37 | D:4      | 37 ||| Stepping ~*~*~tactically~*~*~ (stealth).
    40 | D:4      | 40 ||| Stepping ~*~*~tactically~*~*~ (stealth).
    42 | D:4      | 42 ||| Stepping ~*~*~tactically~*~*~ (stealth).
    47 | D:4      | HP: 2/14 [hound (3)]
    48 | D:4      | Slain by a hound

Levels and vault maps discovered:
D:4:      layout_rooms, gup_ossuary_entry_pyramid
D:5:      layout_basic, temple_doors_e

Skill      XL: |  1 |
---------------+----+-----
Axes           | 2 |  2.1
Fighting       | |  3.2
Dodging        | |  1.5
Stealth        | |  5.4

Action                   || total
-------------------------++-------
Melee: Hand axe          ||    10
 Stab: Sleeping          ||     1
Armor: Leather armour    ||     2
Dodge: Dodged            ||     4

Table legend:
 A = Non-vault XP
 B = Vault XP
 C = Vault XP percentage of total XP
 D = Non-vault monster count
 E = Vault monster count
 F = Vault count percentage of total count
                 A         B        C        D         E       F
            +---------+---------+-------+---------+---------+-------
      Total |       5 |       0 |   0.0 |       3 |       0 |   0.0
            +---------+---------+-------+---------+---------+-------
        D:4 |       5 |       0 |   0.0 |       3 |       0 |   0.0
            +---------+---------+-------+---------+---------+-------
